cohdb
Replays
Latest Replays
All Replays
Popular Replays
Top Player Replays
Match Explorer
How It Works
Community
CoH3 Stats
Reddit
Sign in to upload your games and track your stats! →
Sign in with Steam
Match 38465877
Unlisted
Match 38465877
Overview
Messages
Build Orders
End
Scout Squad
Scout Squad
Selects Airborne Battlegroup
Selects Pathfinders
Construct Weapon Support Center
Engineer Squad
Pathfinder Squad
Selects Paratrooper Squad Paradrop
Paratrooper Squad Paradrop
BigTiddyLebron
Von Seltei
0
0
Comments
sign in to comment!
No comments posted yet!